3097 views
Uploaded 2020-03-20 00:13:34
Game version 1.32.3
27:15 long 4on4 ladder game on (8)NerubianPassage
Saved by Teelo
3097 views
Uploaded 2020-03-20 00:13:34
Game version 1.32.3
27:15 long 4on4 ladder game on (8)NerubianPassage


208 units @ 25.8k
/ 3.2k
76 buildings @ 14.3k
/ 5.4k


| Healing Salve | 4 | 400 |
| Lesser Clarity Potion | 1 | 70 |
| Boots of Speed | 1 | 250 |
| Circlet of Nobility | 1 | 175 |
| total: | 7 | 895g |
| Peon | 19 | 1425 | / | 0 |
| Grunt | 8 | 1600 | / | 0 |
| Troll Headhunter | 2 | 280 | / | 40 |
| Raider | 10 | 1800 | / | 400 |
| Shaman | 7 | 910 | / | 140 |
| Troll Witch Doctor | 5 | 725 | / | 125 |
| total: | 51 | 6740g | / | 705w |
| Watch Tower | 3 | 330 | / | 240 |
| Altar of Storms | 2 | 360 | / | 100 |
| Orc Burrow | 10 | 1600 | / | 400 |
| Barracks | 2 | 360 | / | 100 |
| Voodoo Lounge | 2 | 260 | / | 60 |
| War Mill | 3 | 615 | / | 0 |
| Great Hall | 3 | 1155 | / | 555 |
| Spirit Lodge | 1 | 150 | / | 150 |
| Beastiary | 1 | 145 | / | 140 |
| Stronghold | 2 | 630 | / | 380 |
| Fortress | 1 | 325 | / | 190 |
| total: | 27 | 4975g | / | 1745w |
| 0:06 | Altar of Storms |
| 0:10 | Orc Burrow |
| 0:15 | Peon |
| 0:16 | Peon |
| 0:32 | Peon |
| 0:59 | Barracks |
| 1:02 | Peon |
| 1:25 | Voodoo Lounge |
| 1:30 | Peon |
| 1:56 | War Mill |
| 2:04 | Grunt |
| 2:08 | Wind Walk |
| 2:18 | Peon |
| 2:19 | Peon |
| 2:34 | Healing Salve |
| 2:52 | Orc Burrow |
| 3:21 | Orc Burrow |
| 3:43 | Troll Headhunter |
| 3:43 | Troll Headhunter |
| 3:48 | Grunt |
| 3:54 | Grunt |
| 3:56 | Lesser Clarity Potion |
| 3:56 | Healing Salve |
| 4:39 | Grunt |
| 4:45 | Critical Strike |
| 4:49 | Grunt |
| 5:12 | Stronghold |
| 5:16 | Steel Melee Weapons |
| 5:58 | Grunt |
| 5:58 | Grunt |
| 6:19 | Orc Burrow |
| 6:28 | Steel Armor |
| 7:09 | Spiked Barricades |
| 7:17 | Orc Burrow |
| 7:44 | Wind Walk |
| 8:05 | Grunt |
| 8:09 | Spirit Lodge |
| 8:14 | Beastiary |
| 8:16 | Thorium Melee Weapons |
| 8:17 | Thorium Armor |
| 9:21 | Pillage |
| 9:23 | Ensnare |
| 9:23 | Raider |
| 9:24 | Raider |
| 9:43 | Shaman Adept Training |
| 9:48 | Raider |
| 10:06 | Shaman |
| 10:06 | Shaman |
| 10:36 | Fortress |
| 11:45 | Raider |
| 11:47 | Raider |
| 12:17 | Healing Salve |
| 12:31 | Raider |
| 12:34 | Witch Doctor Adept Training |
| 12:37 | Reinforced Defenses |
| 12:38 | Improved Spiked Barricades |
| 13:02 | Critical Strike |
| 13:32 | Great Hall |
| 13:37 | Watch Tower |
| 13:39 | Watch Tower |
| 13:43 | Watch Tower |
| 14:00 | Shaman Master Training |
| 14:00 | Witch Doctor Master Training |
| 14:26 | Wind Walk |
| 14:59 | Raider |
| 15:00 | Raider |
| 15:41 | Shaman |
| 15:41 | Shaman |
| 15:41 | Troll Witch Doctor |
| 15:41 | Troll Witch Doctor |
| 15:42 | Shaman |
| 15:58 | Boots of Speed |
| 16:04 | Circlet of Nobility |
| 16:15 | Berserker Strength |
| 16:21 | Troll Witch Doctor |
| 16:45 | Raider |
| 16:55 | War Mill |
| 17:02 | Peon |
| 17:02 | Peon |
| 17:06 | Peon |
| 17:07 | Peon |
| 17:07 | Peon |
| 17:23 | Shaman |
| 17:24 | Troll Witch Doctor |
| 17:29 | Healing Salve |
| 17:56 | Raider |
| 18:22 | Endurance Aura |
| 18:31 | Shaman |
| 18:32 | Troll Witch Doctor |
| 18:36 | Orc Burrow |
| 18:42 | Orc Burrow |
| 19:28 | Arcanite Melee Weapons |
| 20:43 | Peon |
| 20:43 | Peon |
| 20:43 | Peon |
| 20:43 | Peon |
| 20:43 | Peon |
| 20:44 | Peon |
| 20:44 | Peon |
| 21:50 | War Stomp |
| 22:20 | Great Hall |
| 22:53 | War Mill |
| 22:58 | Great Hall |
| 23:02 | Orc Burrow |
| 23:04 | Barracks |
| 23:05 | Altar of Storms |
| 23:07 | Voodoo Lounge |
| 25:18 | Stronghold |
| 25:22 | Orc Burrow |
| 26:17 | Orc Burrow |
| Right click | 1174 |
| Select group | 434 |
| Select | 332 |
| Build/train/purchase | 106 |
| Assign group | 81 |
| Misc. action | 70 |
| Use ability | 53 |
| Minimap ping | 17 |
| Remove unit | 7 |
| Resource trade | 6 |
| Item give/drop | 1 |


| Scroll of Town Portal | 1 | 350 |
| total: | 1 | 350g |
| Wisp | 35 | 2100 | / | 0 |
| Archer | 17 | 2210 | / | 170 |
| Hippogryph | 6 | 960 | / | 120 |
| total: | 58 | 5270g | / | 290w |
| Ancient of War | 2 | 300 | / | 120 |
| Moon Well | 8 | 1440 | / | 320 |
| Altar of Elders | 2 | 360 | / | 100 |
| Ancient of Wonders | 1 | 90 | / | 30 |
| Hunter's Hall | 1 | 210 | / | 100 |
| Tree of Life | 4 | 1360 | / | 740 |
| Ancient of Wind | 2 | 300 | / | 280 |
| Tree of Ages | 1 | 320 | / | 180 |
| Tree of Eternity | 1 | 330 | / | 200 |
| total: | 20 | 4060g | / | 1690w |
| 0:05 | Wisp |
| 0:05 | Wisp |
| 0:20 | Ancient of War |
| 0:25 | Moon Well |
| 0:29 | Wisp |
| 1:18 | Altar of Elders |
| 1:27 | Archer |
| 1:27 | Archer |
| 1:31 | Wisp |
| 1:31 | Wisp |
| 1:34 | Archer |
| 2:33 | Archer |
| 2:33 | Archer |
| 2:36 | Wisp |
| 2:49 | Moon Well |
| 2:56 | Moon Well |
| 3:03 | Ancient of Wonders |
| 3:21 | Ancient of War |
| 3:32 | Archer |
| 3:54 | Archer |
| 4:06 | Wisp |
| 4:06 | Wisp |
| 4:20 | Archer |
| 4:45 | Archer |
| 4:51 | Hunter's Hall |
| 5:01 | Trueshot Aura |
| 6:00 | Strength of the Moon |
| 6:03 | Archer |
| 6:06 | Wisp |
| 6:06 | Wisp |
| 6:06 | Wisp |
| 6:33 | Searing Arrows |
| 7:41 | Tree of Ages |
| 7:42 | Archer |
| 7:42 | Archer |
| 7:44 | Moon Armor |
| 7:45 | Ultravision |
| 7:47 | Strength of the Wild |
| 7:48 | Reinforced Hides |
| 8:14 | Moon Well |
| 8:15 | Moon Well |
| 9:38 | Archer |
| 9:39 | Archer |
| 10:19 | Ancient of Wind |
| 10:20 | Ancient of Wind |
| 11:31 | Improved Strength of the Moon |
| 11:33 | Improved Bows |
| 11:35 | Archer |
| 11:36 | Hippogryph |
| 11:36 | Hippogryph |
| 11:43 | Entangling Roots |
| 12:26 | Hippogryph |
| 12:52 | Tree of Eternity |
| 13:31 | Thorns Aura |
| 13:44 | Hippogryph |
| 13:44 | Hippogryph |
| 13:47 | Archer |
| 14:05 | Trueshot Aura |
| 14:42 | Hippogryph |
| 14:50 | Moon Well |
| 15:43 | Entangling Roots |
| 15:53 | Tree of Life |
| 16:41 | Archer |
| 16:43 | Marksmanship |
| 16:44 | Advanced Strength of the Moon |
| 17:42 | Searing Arrows |
| 17:51 | Improved Moon Armor |
| 17:56 | Druid of the Talon Adept Training |
| 18:02 | Scroll of Town Portal |
| 18:19 | Wisp |
| 18:19 | Wisp |
| 18:20 | Wisp |
| 18:20 | Wisp |
| 18:31 | Wisp |
| 18:37 | Wisp |
| 19:08 | Druid of the Talon Master Training |
| 20:09 | Wisp |
| 20:09 | Wisp |
| 20:09 | Wisp |
| 20:09 | Wisp |
| 20:09 | Wisp |
| 20:44 | Tree of Life |
| 21:13 | Thorns Aura |
| 23:19 | Tree of Life |
| 23:26 | Moon Well |
| 24:30 | Trueshot Aura |
| 25:13 | Wisp |
| 25:13 | Wisp |
| 25:38 | Moon Well |
| 25:41 | Wisp |
| 25:41 | Wisp |
| 25:41 | Wisp |
| 25:41 | Wisp |
| 25:42 | Wisp |
| 25:47 | Wisp |
| 25:52 | Wisp |
| 25:52 | Wisp |
| 25:52 | Wisp |
| 25:55 | Wisp |
| 25:55 | Wisp |
| 26:02 | Altar of Elders |
| 26:28 | Tree of Life |
| Right click | 528 |
| Select | 317 |
| Build/train/purchase | 98 |
| Chat | 48 |
| Use ability | 16 |
| Misc. action | 15 |
| Remove unit | 4 |
| Minimap ping | 4 |
| Item give/drop | 1 |


| Healing Salve | 3 | 300 |
| total: | 3 | 300g |
| Peon | 7 | 525 | / | 0 |
| Grunt | 15 | 3000 | / | 0 |
| Shaman | 11 | 1430 | / | 220 |
| Troll Headhunter | 8 | 1120 | / | 160 |
| Troll Berserker | 8 | 1120 | / | 160 |
| total: | 49 | 7195g | / | 540w |
| Altar of Storms | 1 | 180 | / | 50 |
| Orc Burrow | 6 | 960 | / | 240 |
| Barracks | 1 | 180 | / | 50 |
| Voodoo Lounge | 1 | 130 | / | 30 |
| War Mill | 1 | 205 | / | 0 |
| Great Hall | 1 | 385 | / | 185 |
| Spirit Lodge | 1 | 150 | / | 150 |
| Stronghold | 1 | 315 | / | 190 |
| Fortress | 1 | 325 | / | 190 |
| total: | 12 | 2190g | / | 705w |
| 0:04 | Peon |
| 0:04 | Peon |
| 0:08 | Altar of Storms |
| 0:13 | Orc Burrow |
| 0:27 | Peon |
| 0:46 | Peon |
| 0:51 | Barracks |
| 1:00 | Peon |
| 1:19 | Peon |
| 1:38 | Orc Burrow |
| 1:52 | Grunt |
| 2:01 | Peon |
| 2:10 | Voodoo Lounge |
| 2:13 | Feral Spirit |
| 2:19 | Grunt |
| 2:58 | Stronghold |
| 3:06 | Orc Burrow |
| 3:35 | Grunt |
| 3:39 | Chain Lighting |
| 4:23 | Grunt |
| 4:33 | War Mill |
| 4:35 | Grunt |
| 5:02 | Grunt |
| 5:43 | Berserker Strength |
| 5:56 | Spirit Lodge |
| 6:20 | Grunt |
| 6:24 | Steel Melee Weapons |
| 6:39 | Serpent Ward |
| 7:12 | Feral Spirit |
| 7:23 | Grunt |
| 7:27 | Grunt |
| 7:28 | Shaman Adept Training |
| 7:28 | Shaman |
| 7:44 | Grunt |
| 8:00 | Grunt |
| 8:46 | Grunt |
| 8:52 | Shaman |
| 9:08 | Orc Burrow |
| 9:17 | Chain Lighting |
| 9:38 | Thorium Melee Weapons |
| 9:39 | Steel Armor |
| 10:14 | Grunt |
| 10:18 | Orc Burrow |
| 11:05 | Healing Wave |
| 11:31 | Grunt |
| 11:34 | Troll Headhunter |
| 11:35 | Troll Headhunter |
| 11:36 | Shaman |
| 11:37 | Fortress |
| 11:39 | Steel Ranged Weapons |
| 11:50 | Healing Salve |
| 11:58 | Troll Headhunter |
| 12:32 | Grunt |
| 12:33 | Shaman |
| 12:54 | Orc Burrow |
| 13:13 | Troll Headhunter |
| 13:37 | Troll Headhunter |
| 13:43 | Thorium Ranged Weapons |
| 13:54 | Troll Headhunter |
| 14:00 | Shaman Master Training |
| 14:17 | Troll Headhunter |
| 14:22 | Serpent Ward |
| 14:26 | Shaman |
| 14:45 | Troll Headhunter |
| 14:49 | Thorium Armor |
| 15:21 | Shaman |
| 15:21 | Shaman |
| 15:28 | Arcanite Ranged Weapons |
| 15:30 | Feral Spirit |
| 15:43 | Berserker Upgrade |
| 16:27 | Troll Berserker |
| 16:27 | Troll Berserker |
| 16:27 | Shaman |
| 16:28 | Shaman |
| 16:42 | Great Hall |
| 16:50 | Healing Wave |
| 16:58 | Healing Salve |
| 17:03 | Healing Salve |
| 17:42 | Shaman |
| 17:43 | Troll Berserker |
| 17:56 | Troll Berserker |
| 18:24 | Troll Berserker |
| 18:25 | Shaman |
| 19:08 | Troll Berserker |
| 19:46 | Troll Berserker |
| 19:46 | Troll Berserker |
| 25:16 | Serpent Ward |
| Right click | 823 |
| Select | 346 |
| Select group | 327 |
| Misc. action | 244 |
| Build/train/purchase | 112 |
| Assign group | 53 |
| Use ability | 50 |
| Minimap ping | 15 |
| Resource trade | 7 |
| Remove unit | 3 |
| Item give/drop | 1 |



| Wisp | 16 | 960 | / | 0 |
| Archer | 5 | 650 | / | 50 |
| Huntress | 5 | 975 | / | 100 |
| Dryad | 20 | 2900 | / | 1200 |
| Druid of the Claw | 3 | 765 | / | 240 |
| Goblin Shredder | 1 | 375 | / | 100 |
| total: | 50 | 6625g | / | 1690w |
| Ancient Protector | 1 | 135 | / | 80 |
| Moon Well | 9 | 1620 | / | 360 |
| Altar of Elders | 1 | 180 | / | 50 |
| Ancient of War | 1 | 150 | / | 60 |
| Hunter's Hall | 1 | 210 | / | 100 |
| Tree of Life | 1 | 340 | / | 185 |
| Ancient of Lore | 3 | 465 | / | 435 |
| Tree of Ages | 1 | 320 | / | 180 |
| Tree of Eternity | 1 | 330 | / | 200 |
| total: | 17 | 3100g | / | 1270w |
| 0:05 | Wisp |
| 0:12 | Wisp |
| 0:19 | Wisp |
| 0:47 | Moon Well |
| 0:53 | Altar of Elders |
| 1:02 | Wisp |
| 1:03 | Wisp |
| 1:30 | Ancient of War |
| 1:34 | Wisp |
| 1:49 | Moon Well |
| 2:10 | Wisp |
| 2:43 | Moon Well |
| 2:45 | Archer |
| 2:46 | Archer |
| 3:00 | Hunter's Hall |
| 3:05 | Archer |
| 3:07 | Force of Nature |
| 3:21 | Archer |
| 3:48 | Archer |
| 3:52 | Moon Well |
| 5:00 | Tree of Ages |
| 5:03 | Huntress |
| 5:07 | Huntress |
| 5:27 | Moon Well |
| 5:31 | Huntress |
| 6:19 | Huntress |
| 6:23 | Moon Well |
| 6:25 | Huntress |
| 6:32 | Entangling Roots |
| 6:49 | Strength of the Wild |
| 6:52 | Reinforced Hides |
| 7:59 | Force of Nature |
| 8:17 | Ancient of Lore |
| 8:19 | Wisp |
| 9:01 | Tree of Eternity |
| 9:48 | Abolish Magic |
| 9:49 | Druid of the Claw Adept Training |
| 9:58 | Ancient of Lore |
| 10:22 | Immolation |
| 11:19 | Dryad |
| 11:22 | Dryad |
| 11:30 | Improved Reinforced Hides |
| 11:47 | Dryad |
| 12:22 | Dryad |
| 13:11 | Druid of the Claw Master Training |
| 13:20 | Druid of the Claw |
| 13:34 | Moon Well |
| 14:05 | Druid of the Claw |
| 14:36 | Druid of the Claw |
| 18:14 | Advanced Reinforced Hides |
| 18:29 | Goblin Shredder |
| 19:08 | Dryad |
| 19:08 | Dryad |
| 19:30 | Dryad |
| 19:30 | Dryad |
| 19:51 | Moon Well |
| 20:07 | Dryad |
| 20:07 | Dryad |
| 20:44 | Dryad |
| 20:45 | Dryad |
| 21:32 | Wisp |
| 21:32 | Wisp |
| 21:44 | Trueshot Aura |
| 21:48 | Improved Strength of the Wild |
| 21:53 | Dryad |
| 21:53 | Dryad |
| 21:53 | Dryad |
| 22:43 | Dryad |
| 22:43 | Dryad |
| 22:58 | Tree of Life |
| 23:07 | Dryad |
| 23:08 | Dryad |
| 23:14 | Advanced Strength of the Wild |
| 24:01 | Ancient Protector |
| 24:10 | Dryad |
| 24:11 | Mark of the Claw |
| 24:30 | Moon Well |
| 25:14 | Ancient of Lore |
| 25:20 | Wisp |
| 25:20 | Wisp |
| 25:20 | Wisp |
| 25:20 | Wisp |
| 25:20 | Wisp |
| 25:20 | Wisp |
| Right click | 376 |
| Select | 242 |
| Build/train/purchase | 79 |
| Misc. action | 23 |
| Use ability | 12 |
| Minimap ping | 2 |
151 units @ 20.5k
/ 2.5k
77 buildings @ 12.8k
/ 5.5k


| Potion of Healing | 3 | 450 |
| Potion of Mana | 1 | 200 |
| Scroll of Town Portal | 1 | 350 |
| total: | 5 | 1000g |
| Acolyte | 7 | 525 | / | 0 |
| Ghoul | 4 | 480 | / | 0 |
| Crypt Fiend | 10 | 2150 | / | 400 |
| Frost Wyrm | 7 | 2695 | / | 840 |
| total: | 28 | 5850g | / | 1240w |
| Nerubian Tower | 1 | 100 | / | 20 |
| Spirit Tower | 5 | 725 | / | 200 |
| Ziggurat | 12 | 1800 | / | 600 |
| Altar of Darkness | 1 | 180 | / | 50 |
| Crypt | 1 | 200 | / | 50 |
| Tomb of Relics | 1 | 130 | / | 30 |
| Graveyard | 1 | 215 | / | 0 |
| Sacrificial Pit | 1 | 75 | / | 150 |
| Boneyard | 2 | 350 | / | 400 |
| Halls of the Dead | 1 | 320 | / | 210 |
| Black Citadel | 1 | 325 | / | 230 |
| total: | 19 | 2950g | / | 1280w |
| 0:07 | Acolyte |
| 0:07 | Acolyte |
| 0:11 | Ziggurat |
| 0:14 | Altar of Darkness |
| 0:37 | Crypt |
| 1:50 | Ghoul |
| 1:50 | Ghoul |
| 1:51 | Ghoul |
| 1:52 | Ghoul |
| 2:04 | Ziggurat |
| 2:06 | Ziggurat |
| 2:47 | Cannibalize |
| 2:57 | Tomb of Relics |
| 3:04 | Impale |
| 3:21 | Halls of the Dead |
| 3:44 | Ziggurat |
| 3:47 | Ziggurat |
| 3:52 | Ziggurat |
| 3:54 | Ziggurat |
| 4:40 | Nerubian Tower |
| 4:50 | Graveyard |
| 5:42 | Potion of Healing |
| 6:19 | Black Citadel |
| 6:21 | Web |
| 6:37 | Crypt Fiend |
| 6:50 | Frost Nova |
| 6:56 | Potion of Healing |
| 8:14 | Potion of Healing |
| 8:15 | Potion of Mana |
| 8:56 | Sacrificial Pit |
| 9:10 | Crypt Fiend |
| 9:10 | Crypt Fiend |
| 9:44 | Scroll of Town Portal |
| 10:07 | Boneyard |
| 10:14 | Boneyard |
| 10:47 | Crypt Fiend |
| 11:14 | Spiked Carapace |
| 11:40 | Freezing Breath |
| 11:41 | Frost Wyrm |
| 12:01 | Frost Wyrm |
| 12:46 | Dark Ritual |
| 13:41 | Frost Wyrm |
| 14:04 | Impale |
| 14:14 | Crypt Fiend |
| 14:15 | Crypt Fiend |
| 14:21 | Frost Nova |
| 15:37 | Acolyte |
| 15:48 | Acolyte |
| 15:48 | Acolyte |
| 15:50 | Acolyte |
| 15:54 | Acolyte |
| 16:51 | Creature Attack |
| 16:52 | Creature Carapace |
| 17:06 | Ziggurat |
| 17:07 | Ziggurat |
| 17:25 | Spiked Carapace |
| 17:38 | Frost Wyrm |
| 18:12 | Dark Ritual |
| 18:22 | Crypt Fiend |
| 18:22 | Crypt Fiend |
| 18:24 | Crypt Fiend |
| 18:38 | Frost Wyrm |
| 19:11 | Frost Wyrm |
| 19:30 | Improved Creature Carapace |
| 20:11 | Spirit Tower |
| 21:06 | Advanced Creature Carapace |
| 21:08 | Improved Creature Attack |
| 21:31 | Spirit Tower |
| 22:04 | Spirit Tower |
| 23:22 | Spirit Tower |
| 23:46 | Crypt Fiend |
| 23:53 | Spirit Tower |
| 24:52 | Carrion Beetles |
| 25:03 | Locust Swarm |
| 25:21 | Death and Decay |
| 25:23 | Frost Nova |
| 25:45 | Ziggurat |
| 25:46 | Ziggurat |
| 25:47 | Ziggurat |
| 26:14 | Advanced Creature Attack |
| 26:59 | Frost Wyrm |
| Right click | 279 |
| Select group | 249 |
| Select | 150 |
| Build/train/purchase | 70 |
| Assign group | 26 |
| Use ability | 22 |
| Chat | 8 |
| Minimap ping | 6 |

| Potion of Lesser Invulnerability | 1 | 150 |
| total: | 1 | 150g |
| Wisp | 37 | 2220 | / | 0 |
| Archer | 14 | 1820 | / | 140 |
| Huntress | 4 | 780 | / | 80 |
| Hippogryph | 6 | 960 | / | 120 |
| Druid of the Talon | 3 | 435 | / | 60 |
| total: | 64 | 6215g | / | 400w |
| Ancient Protector | 7 | 945 | / | 560 |
| Altar of Elders | 1 | 180 | / | 50 |
| Moon Well | 11 | 1980 | / | 440 |
| Ancient of War | 3 | 450 | / | 180 |
| Tree of Life | 2 | 680 | / | 370 |
| Hunter's Hall | 1 | 210 | / | 100 |
| Ancient of Wonders | 1 | 90 | / | 30 |
| Ancient of Wind | 2 | 300 | / | 280 |
| Ancient of Lore | 1 | 155 | / | 145 |
| Tree of Ages | 1 | 320 | / | 180 |
| Tree of Eternity | 1 | 330 | / | 200 |
| total: | 29 | 4990g | / | 2155w |
| 0:03 | Wisp |
| 0:03 | Wisp |
| 0:11 | Altar of Elders |
| 0:13 | Moon Well |
| 0:25 | Wisp |
| 0:38 | Wisp |
| 0:43 | Wisp |
| 0:44 | Wisp |
| 0:52 | Ancient of War |
| 1:31 | Moon Well |
| 1:36 | Wisp |
| 1:36 | Wisp |
| 1:37 | Wisp |
| 1:37 | Wisp |
| 1:38 | Wisp |
| 1:58 | Ancient of War |
| 2:13 | Searing Arrows |
| 2:27 | Archer |
| 2:39 | Moon Well |
| 2:43 | Moon Well |
| 3:00 | Archer |
| 3:17 | Archer |
| 4:03 | Archer |
| 4:04 | Archer |
| 4:17 | Archer |
| 4:53 | Trueshot Aura |
| 5:28 | Tree of Life |
| 5:33 | Moon Well |
| 5:41 | Wisp |
| 5:41 | Wisp |
| 5:43 | Archer |
| 5:51 | Hunter's Hall |
| 6:19 | Trueshot Aura |
| 6:39 | Moon Well |
| 6:41 | Archer |
| 8:08 | Archer |
| 8:11 | Huntress |
| 8:13 | Huntress |
| 8:13 | Huntress |
| 8:54 | Wisp |
| 8:54 | Wisp |
| 8:55 | Wisp |
| 8:55 | Wisp |
| 8:55 | Wisp |
| 9:09 | Tree of Ages |
| 9:43 | Huntress |
| 9:50 | Ancient Protector |
| 9:55 | Ancient Protector |
| 10:01 | Ancient Protector |
| 10:06 | Ancient Protector |
| 10:15 | Wisp |
| 10:15 | Wisp |
| 10:15 | Wisp |
| 10:15 | Wisp |
| 10:21 | Ancient Protector |
| 10:25 | Ancient Protector |
| 10:48 | Ancient Protector |
| 10:54 | Endurance Aura |
| 11:05 | Scout |
| 11:33 | Ancient of Wind |
| 11:36 | Ancient of Wind |
| 11:43 | Ancient of War |
| 12:34 | Strength of the Moon |
| 12:36 | Tree of Eternity |
| 12:37 | Improved Bows |
| 12:43 | Hippogryph |
| 12:43 | Hippogryph |
| 12:44 | Hippogryph |
| 12:45 | Hippogryph |
| 13:03 | Wisp |
| 13:03 | Wisp |
| 13:03 | Wisp |
| 13:03 | Wisp |
| 13:09 | Moon Well |
| 13:11 | Moon Well |
| 13:14 | Ancient of Wonders |
| 13:30 | Wisp |
| 13:30 | Wisp |
| 13:30 | Wisp |
| 13:49 | Improved Strength of the Moon |
| 13:49 | Strength of the Wild |
| 13:55 | Archer |
| 13:56 | Archer |
| 13:56 | Archer |
| 14:40 | Moon Well |
| 14:46 | Moon Armor |
| 14:46 | Reinforced Hides |
| 14:48 | Druid of the Talon Adept Training |
| 15:01 | Marksmanship |
| 15:03 | Archer |
| 15:04 | Archer |
| 15:53 | Druid of the Talon Master Training |
| 15:54 | Druid of the Talon |
| 15:54 | Druid of the Talon |
| 16:14 | Ancient of Lore |
| 16:21 | Improved Strength of the Wild |
| 16:24 | Wisp |
| 16:24 | Wisp |
| 16:24 | Wisp |
| 16:54 | Moon Well |
| 16:58 | Moon Well |
| 17:06 | Tree of Life |
| 17:27 | Abolish Magic |
| 17:40 | Mark of the Talon |
| 17:40 | Hippogryph |
| 17:42 | Hippogryph |
| 18:10 | Potion of Lesser Invulnerability |
| 19:17 | Trueshot Aura |
| 20:11 | Druid of the Talon |
| 20:15 | Wisp |
| 20:16 | Wisp |
| 20:16 | Wisp |
| 20:16 | Wisp |
| 20:18 | Wisp |
| 21:03 | Shockwave |
| 24:48 | Starfall |
| 25:01 | Endurance Aura |
| 25:33 | Scout |
| Right click | 990 |
| Select | 451 |
| Build/train/purchase | 116 |
| Misc. action | 23 |
| Use ability | 12 |
| Minimap ping | 4 |
| Remove unit | 2 |
| Item give/drop | 1 |

| Healing Salve | 1 | 100 |
| Lesser Clarity Potion | 1 | 70 |
| total: | 2 | 170g |
| Peon | 9 | 675 | / | 0 |
| Grunt | 9 | 1800 | / | 0 |
| total: | 18 | 2475g | / | 0w |
| Orc Burrow | 4 | 640 | / | 160 |
| Altar of Storms | 1 | 180 | / | 50 |
| Barracks | 1 | 180 | / | 50 |
| Voodoo Lounge | 2 | 260 | / | 60 |
| War Mill | 1 | 205 | / | 0 |
| Stronghold | 2 | 630 | / | 380 |
| total: | 9 | 1465g | / | 320w |
| 0:05 | Peon |
| 0:05 | Peon |
| 0:10 | Orc Burrow |
| 0:16 | Altar of Storms |
| 0:40 | Barracks |
| 0:45 | Peon |
| 0:57 | Peon |
| 1:06 | Peon |
| 1:23 | Peon |
| 1:39 | Peon |
| 1:42 | Grunt |
| 1:49 | Peon |
| 2:08 | Orc Burrow |
| 2:21 | Voodoo Lounge |
| 2:28 | Shockwave |
| 3:00 | Grunt |
| 3:01 | Grunt |
| 3:16 | Stronghold |
| 3:23 | Orc Burrow |
| 3:40 | Grunt |
| 4:12 | Endurance Aura |
| 4:15 | Grunt |
| 4:20 | Voodoo Lounge |
| 4:51 | Grunt |
| 4:57 | War Mill |
| 5:13 | Healing Salve |
| 5:19 | Lesser Clarity Potion |
| 5:27 | Grunt |
| 5:38 | Orc Burrow |
| 5:57 | Berserker Strength |
| 6:18 | Reinforced Defenses |
| 6:19 | Spiked Barricades |
| 6:23 | Peon |
| 7:33 | Grunt |
| 8:35 | Grunt |
| Chat | 320 |
| Right click | 120 |
| Select | 118 |
| Select group | 74 |
| Build/train/purchase | 42 |
| Assign group | 14 |
| Minimap ping | 11 |
| Use ability | 8 |
| Misc. action | 2 |
| Item give/drop | 1 |
| Esc | 1 |
⇛
Teelo
(78)
(27:12) : 
| Lesser Clarity Potion | 2 | 140 |
| Orb of Venom | 1 | 325 |
| Anti-magic Potion | 1 | 100 |
| Staff of Preservation | 1 | 150 |
| Potion of Lesser Invulnerability | 1 | 150 |
| total: | 6 | 865g |
| Wisp | 28 | 1680 | / | 0 |
| Chimaera | 13 | 4290 | / | 910 |
| total: | 41 | 5970g | / | 910w |
| Ancient Protector | 3 | 405 | / | 240 |
| Moon Well | 8 | 1440 | / | 320 |
| Altar of Elders | 2 | 360 | / | 100 |
| Ancient of Wonders | 1 | 90 | / | 30 |
| Hunter's Hall | 1 | 210 | / | 100 |
| Tree of Life | 1 | 340 | / | 185 |
| Chimaera Roost | 4 | 560 | / | 760 |
| Tree of Ages | 2 | 640 | / | 360 |
| Tree of Eternity | 1 | 330 | / | 200 |
| total: | 20 | 3405g | / | 1735w |
| 0:03 | Wisp |
| 0:03 | Wisp |
| 0:03 | Wisp |
| 0:31 | Moon Well |
| 0:34 | Altar of Elders |
| 0:36 | Altar of Elders |
| 0:45 | Wisp |
| 0:47 | Wisp |
| 0:50 | Moon Well |
| 0:54 | Wisp |
| 0:55 | Wisp |
| 0:56 | Wisp |
| 1:10 | Ancient of Wonders |
| 1:33 | Wisp |
| 1:33 | Wisp |
| 1:55 | Wisp |
| 1:55 | Wisp |
| 2:23 | Tree of Ages |
| 2:29 | Moon Well |
| 2:35 | Force of Nature |
| 2:50 | Hunter's Hall |
| 3:16 | Moon Well |
| 3:51 | Lesser Clarity Potion |
| 3:51 | Lesser Clarity Potion |
| 3:57 | Ancient Protector |
| 4:01 | Strength of the Wild |
| 4:01 | Reinforced Hides |
| 4:35 | Ancient Protector |
| 4:38 | Ancient Protector |
| 4:44 | Wisp |
| 4:44 | Wisp |
| 4:45 | Wisp |
| 4:45 | Wisp |
| 4:45 | Wisp |
| 5:15 | Tree of Eternity |
| 5:18 | Thorns Aura |
| 5:44 | Moon Well |
| 5:47 | Moon Well |
| 6:09 | Improved Strength of the Wild |
| 7:39 | Chimaera Roost |
| 7:41 | Chimaera Roost |
| 7:44 | Wisp |
| 7:44 | Wisp |
| 7:44 | Wisp |
| 8:38 | Chimaera Roost |
| 8:40 | Wisp |
| 8:40 | Wisp |
| 9:09 | Chimaera Roost |
| 9:12 | Chimaera |
| 9:22 | Orb of Venom |
| 9:24 | Anti-magic Potion |
| 9:24 | Staff of Preservation |
| 9:30 | Chimaera |
| 10:04 | Chimaera |
| 10:17 | Corrosive Breath |
| 10:37 | Chimaera |
| 10:57 | Entangling Roots |
| 11:26 | Chimaera |
| 11:45 | Chimaera |
| 11:55 | Thorns Aura |
| 12:47 | Chimaera |
| 12:47 | Chimaera |
| 13:13 | Thorns Aura |
| 13:19 | Tree of Life |
| 13:26 | Well Spring |
| 13:44 | Ultravision |
| 14:28 | Chimaera |
| 14:33 | Advanced Strength of the Wild |
| 15:08 | Nature's Blessing |
| 15:12 | Moon Well |
| 15:24 | Wisp |
| 15:27 | Wisp |
| 15:35 | Wisp |
| 16:02 | Improved Reinforced Hides |
| 16:37 | Chimaera |
| 16:43 | Wisp |
| 16:43 | Wisp |
| 16:45 | Wisp |
| 17:22 | Chimaera |
| 18:07 | Advanced Reinforced Hides |
| 18:11 | Moon Well |
| 18:12 | Chimaera |
| 19:29 | Chimaera |
| 20:25 | Tranquility |
| 23:03 | Potion of Lesser Invulnerability |
| 24:31 | Force of Nature |
| 25:36 | Force of Nature |
| Select group | 511 |
| Chat | 427 |
| Right click | 341 |
| Select | 195 |
| Assign group | 153 |
| Misc. action | 153 |
| Build/train/purchase | 88 |
| Use ability | 59 |
| Minimap ping | 9 |
| Item give/drop | 7 |
| Remove unit | 7 |
| Resource trade | 5 |
| Esc | 1 |